AAA
NASHVILLE SOUNDS @ INLAND EMPIRE 66ERS
09/06/2052
 
TOP OF THE 1ST
Puebla Mermen batting - Pitching for Oaxaca Cervezas : RHP Paxton Aston
Pitching: RHP Paxton Aston
Batting: LHB Jimmy Toth 0-0: Ball
1-0: Ball
2-0: Ball
3-0: Called Strike
3-1: Foul Ball, location: 23F
3-2: Foul Ball, location: 25F
3-2: Strikes out swinging
Batting: LHB Zach Calderon 0-0: Ball
1-0: Ball
2-0: Called Strike
2-1: Ball
3-1: Base on Balls
Batting: RHB Tom Huppert 0-0: Ball
1-0: Swinging Strike
1-1: Swinging Strike
1-2: Strikes out swinging
Batting: RHB Kameron Lackey 0-0: Ball
1-0: Foul Ball, location: 2F
1-1: Fly out, F2 (Popup, 23F, EV 80.0 MPH)
Top of the 1st over - 0 runs, 0 hits, 0 errors, 1 left on base; Puebla 0 - Oaxaca 0
BOTTOM OF THE 1ST
Oaxaca Cervezas batting - Pitching for Puebla Mermen : RHP Sam Poeling
Pitching: RHP Sam Poeling
Batting: LHB Condel Saucedo 0-0: Called Strike
0-1: Ball
1-1: Foul Ball, location: 2F
1-2: Ball
2-2: SINGLE (Groundball, 3D, EV 101.3 MPH)
Batting: RHB Abejundio Vásquez 0-0: Hit by Pitch
Condel Saucedo to second
Batting: LHB Scott Maffucci 0-0: Swinging Strike
0-1: Ball
1-1: Swinging Strike
1-2: Foul Ball, location: 5FF
1-2: Strikes out swinging
Batting: RHB Parker Brown 0-0: Called Strike
0-1: Swinging Strike
0-2: Foul Ball, location: 3F
0-2: Ball
1-2: Ball
2-2: Ball
3-2: Foul Ball, location: 3F
3-2: Strikes out looking
Batting: RHB Anastasio Cordero 0-0: Called Strike
0-1: Called Strike
0-2: Foul Ball, location: 7LSFF
0-2: Fielders Choice at 2nd, 6-4 (Groundball, 6MD, EV 98.8 MPH)
Bottom of the 1st over - 0 runs, 1 hit, 0 errors, 2 left on base; Puebla 0 - Oaxaca 0
TOP OF THE 2ND
Puebla Mermen batting - Pitching for Oaxaca Cervezas : RHP Paxton Aston
Batting: LHB Gray Klingenberg 0-0: Fly out, F8 (Flyball, 8LD, EV 111.3 MPH)
Batting: SHB Sebastian Vincent 0-0: Called Strike
0-1: Ball
1-1: Ball
2-1: Foul Ball, location: 7LDF
2-2: Ball
3-2: Base on Balls
Batting: LHB Brad Lilley 0-0: Ball
1-0: Called Strike
1-1: SINGLE (Line Drive, 56D, EV 65.6 MPH)
Sebastian Vincent to second
Batting: LHB Saloman Domínguez 0-0: Ball
1-0: Foul Ball, location: 5DF
1-1: Swinging Strike
Passed Ball!
Sebastian Vincent to third
Brad Lilley to second
1-2: Ball
2-2: Fly out, F7 (Flyball, 7, EV 96.3 MPH)
Batting: RHB Alan Lafer 0-0: Ball
1-0: Called Strike
1-1: Foul Ball, location: 9LSF
1-2: Ball
2-2: Ball
3-2: Foul Ball, location: 2F
3-2: Strikes out swinging
Top of the 2nd over - 0 runs, 1 hit, 0 errors, 2 left on base; Puebla 0 - Oaxaca 0
BOTTOM OF THE 2ND
Oaxaca Cervezas batting - Pitching for Puebla Mermen : RHP Sam Poeling
Batting: RHB José Berroteran 0-0: Ball
1-0: Ball
2-0: Swinging Strike
2-1: Swinging Strike
2-2: Strikes out looking
Batting: LHB Levi Pierce 0-0: Called Strike
0-1: SINGLE (Groundball, 6M, EV 108.1 MPH)
Batting: RHB Graham Gomes 0-0: Ball
1-0: Ball
2-0: Called Strike
2-1: Swinging Strike
2-2: Foul Ball, location: 2F
2-2: Ball
3-2: Fly out, F7 (Flyball, 7LMF, EV 90.0 MPH)
Batting: RHB Iván Soriano 0-0: Swinging Strike
0-1: Ground out 4-3 (Groundball, 4, EV 80.6 MPH)
Bottom of the 2nd over - 0 runs, 1 hit, 0 errors, 1 left on base; Puebla 0 - Oaxaca 0
TOP OF THE 3RD
Puebla Mermen batting - Pitching for Oaxaca Cervezas : RHP Paxton Aston
Batting: LHB Jimmy Toth 0-0: Ball
1-0: Ball
2-0: DOUBLE (Groundball, 3L, EV 95.0 MPH)
Batting: LHB Zach Calderon 0-0: Called Strike
0-1: Foul Ball, location: 25F
0-2: Ball
1-2: Foul Ball, location: 3FF
1-2: Foul Ball, location: 3FF
1-2: Strikes out looking
Batting: RHB Tom Huppert 0-0: Ball
1-0: Ground out 6-3 (Groundball, 6, EV 108.8 MPH)
Batting: RHB Kameron Lackey 0-0: Ball
1-0: Swinging Strike
1-1: Ball
2-1: Ball
3-1: Called Strike
3-2: Base on Balls
Batting: LHB Gray Klingenberg 0-0: Called Strike
0-1: Ball
1-1: Fielders Choice at 2nd, 6-4 (Groundball, 56, EV 98.1 MPH)
Top of the 3rd over - 0 runs, 1 hit, 0 errors, 2 left on base; Puebla 0 - Oaxaca 0
BOTTOM OF THE 3RD
Oaxaca Cervezas batting - Pitching for Puebla Mermen : RHP Sam Poeling
Batting: LHB Condel Saucedo 0-0: Ball
1-0: Ball
2-0: Foul Ball, location: 7LMF
2-1: Swinging Strike
2-2: Foul Ball, location: 7LMF
2-2: Fly out, F8 (Flyball, 8LD, EV 92.5 MPH)
Batting: RHB Abejundio Vásquez 0-0: Swinging Strike
0-1: Fly out, F4 (Line Drive, 34, EV 66.3 MPH)
Batting: LHB Scott Maffucci 0-0: Ball
1-0: Ball
2-0: Ball
3-0: Base on Balls
Batting: RHB Parker Brown 0-0: Called Strike
0-1: Ball
Scott Maffucci steals 2nd base
1-1: Ball
2-1: Foul Ball, location: 3F
2-2: Ball
3-2: Ground out 6-3 (Groundball, 6, EV 83.8 MPH)
Bottom of the 3rd over - 0 runs, 0 hits, 0 errors, 1 left on base; Puebla 0 - Oaxaca 0
TOP OF THE 4TH
Puebla Mermen batting - Pitching for Oaxaca Cervezas : RHP Paxton Aston
Batting: SHB Sebastian Vincent 0-0: Called Strike
0-1: Swinging Strike
0-2: Ball
1-2: Ball
2-2: Fly out, F8 (Line Drive, 8LM, EV 98.1 MPH)
Batting: LHB Brad Lilley 0-0: Swinging Strike
0-1: SINGLE (Line Drive, 4MD, EV 103.1 MPH)
Batting: LHB Saloman Domínguez 0-0: Ball
1-0: Ball
2-0: Fielders Choice at 2nd, 4-6 (Groundball, 4, EV 104.4 MPH)
Batting: RHB Alan Lafer 0-0: Ball
1-0: Ball
2-0: Swinging Strike
2-1: Fly out, F8 (Flyball, 89D, EV 85.0 MPH)
Top of the 4th over - 0 runs, 1 hit, 0 errors, 1 left on base; Puebla 0 - Oaxaca 0
BOTTOM OF THE 4TH
Oaxaca Cervezas batting - Pitching for Puebla Mermen : RHP Sam Poeling
Batting: RHB Anastasio Cordero 0-0: Ball
1-0: Ball
2-0: Ball
3-0: Base on Balls
Batting: RHB José Berroteran 0-0: Sac Bunt to 5S - play at second, runner OUT! 5-6
Batting: LHB Levi Pierce 0-0: Foul Ball, location: 23FF
0-1: Ball
1-1: Ball
2-1: Fielders Choice at 2nd, U6 (Groundball, 4M, EV 101.3 MPH)
Batting: RHB Graham Gomes 0-0: Ball
1-0: Fielders Choice at 2nd, 6-4 (Groundball, 6, EV 105.6 MPH)
Bottom of the 4th over - 0 runs, 0 hits, 0 errors, 1 left on base; Puebla 0 - Oaxaca 0
TOP OF THE 5TH
Puebla Mermen batting - Pitching for Oaxaca Cervezas : RHP Paxton Aston
Batting: LHB Jimmy Toth 0-0: Ball
1-0: Called Strike
1-1: Foul Ball, location: 7LSF
1-2: Ball
2-2: Ball
3-2: Strikes out swinging
Batting: LHB Zach Calderon 0-0: Ball
1-0: Called Strike
1-1: Foul Ball, location: 2F
1-2: Ball
2-2: Strikes out looking
Batting: RHB Tom Huppert 0-0: Ball
1-0: Ball
2-0: Called Strike
2-1: Called Strike
2-2: Foul Ball, location: 7LSF
2-2: Ball
3-2: Fly out, F7 (Flyball, 78M, EV 95.6 MPH)
Top of the 5th over - 0 runs, 0 hits, 0 errors, 0 left on base; Puebla 0 - Oaxaca 0
BOTTOM OF THE 5TH
Oaxaca Cervezas batting - Pitching for Puebla Mermen : RHP Sam Poeling
Batting: RHB Iván Soriano 0-0: Ground out 5-3 (Groundball, 56S, EV 70.0 MPH)
Batting: LHB Condel Saucedo 0-0: Ball
1-0: Ball
2-0: DOUBLE (Flyball, 78XD, EV 93.8 MPH)
Batting: RHB Abejundio Vásquez 0-0: Ball
1-0: Ball
2-0: Called Strike
2-1: Ground out 6-3 (Groundball, 56, EV 86.9 MPH)
Condel Saucedo to third
Batting: LHB Scott Maffucci 0-0: Called Strike
0-1: Foul Ball, location: 25F
0-2: Ball
1-2: Foul Ball, location: 2LF
1-2: Foul Ball, location: 2F
1-2: Foul Ball, location: 5FF
1-2: Ball
2-2: Fly out, F7 (Line Drive, 7LM, EV 103.8 MPH)
Bottom of the 5th over - 0 runs, 1 hit, 0 errors, 1 left on base; Puebla 0 - Oaxaca 0
TOP OF THE 6TH
Puebla Mermen batting - Pitching for Oaxaca Cervezas : RHP Paxton Aston
Batting: RHB Kameron Lackey 0-0: SINGLE (Line Drive, 89S, EV 100.6 MPH)
Batting: LHB Gray Klingenberg 0-0: Ball
1-0: Ball
2-0: Called Strike
2-1: Ball
3-1: Base on Balls
Kameron Lackey to second
Batting: SHB Sebastian Vincent 0-0: Ball
1-0: Called Strike
1-1: Fielders Choice at 2nd, 1-6 (Groundball, 34S, EV 68.1 MPH)
Kameron Lackey to third
Batting: LHB Brad Lilley 0-0: Called Strike
0-1: Swinging Strike
0-2: Ball
1-2: Foul Ball, location: 25F
1-2: Foul Ball, location: 2F
1-2: Foul Ball, location: 3F
1-2: Strikes out swinging
Batting: LHB Saloman Domínguez 0-0: Ball
1-0: Ball
2-0: Ball
3-0: Called Strike
3-1: Fly out, F9 (Flyball, 9, EV 85.6 MPH)
Top of the 6th over - 0 runs, 1 hit, 0 errors, 2 left on base; Puebla 0 - Oaxaca 0
BOTTOM OF THE 6TH
Oaxaca Cervezas batting - Pitching for Puebla Mermen : RHP Sam Poeling
Batting: RHB Parker Brown 0-0: Swinging Strike
0-1: Foul Ball, location: 25FF
0-2: Strikes out swinging
Batting: RHB Anastasio Cordero 0-0: Called Strike
0-1: Ball
1-1: Fly out, F8 (Flyball, 89M, EV 93.8 MPH)
Batting: RHB José Berroteran 0-0: Called Strike
0-1: Ball
1-1: Ball
2-1: Ball
3-1: Base on Balls
Batting: LHB Levi Pierce 0-0: Fielders Choice at 2nd, 6-4 (Groundball, 6MD, EV 95.0 MPH)
Bottom of the 6th over - 0 runs, 0 hits, 0 errors, 1 left on base; Puebla 0 - Oaxaca 0
TOP OF THE 7TH
Puebla Mermen batting - Pitching for Oaxaca Cervezas : RHP Paxton Aston
Pitching: LHP Ted Williams
Batting: RHB Alan Lafer 0-0: Foul Ball, location: 2F
0-1: Ball
1-1: Ball
2-1: Ball
3-1: Base on Balls
Batting: LHB Jimmy Toth 0-0: Called Strike
0-1: Ball
1-1: Fly out, F8 (Flyball, 89M, EV 95.6 MPH)
Pitching: LHP J.C. Rivera
Batting: LHB Zach Calderon 0-0: Ball
1-0: Called Strike
1-1: Ball
2-1: Fly out, F5 (Popup, 56S, EV 88.1 MPH)
Batting: RHB Tom Huppert 0-0: Foul Ball, location: 5F
0-1: Ball
1-1: Ball
2-1: Swinging Strike
2-2: Ball
3-2: Ground out 5-3 (Groundball, 5, EV 85.0 MPH)
Top of the 7th over - 0 runs, 0 hits, 0 errors, 1 left on base; Puebla 0 - Oaxaca 0
BOTTOM OF THE 7TH
Oaxaca Cervezas batting - Pitching for Puebla Mermen : RHP Sam Poeling
Batting: RHB Graham Gomes 0-0: Called Strike
0-1: Foul Ball, location: 2F
0-2: Ball
1-2: Ball
2-2: Foul Ball, location: 7LSF
2-2: Ball
3-2: SINGLE (Groundball, 6MD, EV 99.4 MPH)
Pitching: RHP August Richards
Batting: RHB Iván Soriano 0-0: Swinging Strike
0-1: Called Strike
0-2: Strikes out swinging
Batting: LHB Condel Saucedo 0-0: Ball
1-0: Ball
2-0: Fly out, F6 (Popup, 6S, EV 76.3 MPH)
Pinch Hitting: LHB Lúcio Figuereo 0-0: SINGLE (Groundball, 3D, EV 91.9 MPH) (infield hit)
Graham Gomes to second
Pitching: LHP Logan Candelaria
Batting: LHB Scott Maffucci 0-0: Foul Ball, location: 2F
0-1: Ball
1-1: Ball
2-1: Called Strike
2-2: Ball
3-2: SINGLE (Line Drive, 9S, EV 99.4 MPH)
Graham Gomes to third
Lúcio Figuereo to second
Graham Gomes scores
Lúcio Figuereo to third
Pitching: RHP Ian Cunningham
Batting: RHB Parker Brown 0-0: Called Strike
0-1: Called Strike
0-2: Foul Ball, location: 2F
0-2: Foul Ball, location: 9LMF
0-2: Foul Ball, location: 2RF
0-2: Strikes out looking
Bottom of the 7th over - 1 run, 3 hits, 0 errors, 2 left on base; Puebla 0 - Oaxaca 1
TOP OF THE 8TH
Puebla Mermen batting - Pitching for Oaxaca Cervezas : LHP J.C. Rivera
Now at 3B: Cammy Turner
Now in CF: Iván Soriano
Batting: RHB Kameron Lackey 0-0: Ball
1-0: Called Strike
1-1: Foul Ball, location: 9LDF
1-2: Ball
2-2: Ball
3-2: Foul Ball, location: 2F
3-2: SINGLE (Groundball, 4MD, EV 102.5 MPH)
Batting: LHB Gray Klingenberg 0-0: Ball
1-0: Ball
2-0: Called Strike
2-1: Ball
3-1: Base on Balls
Kameron Lackey to second
Batting: SHB Sebastian Vincent 0-0: Ball
1-0: Ball
2-0: Ball
3-0: Called Strike
3-1: Base on Balls
Kameron Lackey to third
Gray Klingenberg to second
Pinch Hitting: RHB Martin Magadan 0-0: Ball
1-0: Foul Ball, location: 7LMF
1-1: Swinging Strike
1-2: Strikes out swinging
Batting: LHB Saloman Domínguez 0-0: Ball
1-0: Foul Ball, location: 23FF
1-1: Ball
2-1: Swinging Strike
2-2: Strikes out looking
Pitching: RHP Simone Tornaghi
Batting: RHB Alan Lafer 0-0: Ball
1-0: Foul Ball, location: 2F
1-1: Ball
2-1: Foul Ball, location: 2F
2-2: SINGLE (Line Drive, 89S, EV 98.1 MPH)
Kameron Lackey scores
Gray Klingenberg to third
Sebastian Vincent to second
Runner from 3rd tries for Home, SAFE, throw by RF to home
Batting: LHB Jimmy Toth 0-0: Ball
1-0: Called Strike
1-1: Ball
2-1: Fly out, F4 (Popup, 4M, EV 58.1 MPH)
Top of the 8th over - 2 runs, 2 hits, 0 errors, 2 left on base; Puebla 2 - Oaxaca 1
BOTTOM OF THE 8TH
Oaxaca Cervezas batting - Pitching for Puebla Mermen : RHP Ian Cunningham
Now at 1B: Luis Yanel Delmonte
Batting: RHB Anastasio Cordero 0-0: Ground out 6-3 (Groundball, 6, EV 80.6 MPH)
Batting: RHB José Berroteran 0-0: Fly out, F8 (Flyball, 8RXD, EV 110.6 MPH)
Batting: LHB Levi Pierce 0-0: Swinging Strike
0-1: Foul Ball, location: 5FF
0-2: Ball
1-2: Foul Ball, location: 23FF
1-2: Ball
2-2: Ball
3-2: Foul Ball, location: 7LSF
3-2: Base on Balls
Batting: RHB Graham Gomes 0-0: Ball
1-0: Ground out 6-3 (Groundball, 56S, EV 83.1 MPH)
Bottom of the 8th over - 0 runs, 0 hits, 0 errors, 1 left on base; Puebla 2 - Oaxaca 1
TOP OF THE 9TH
Puebla Mermen batting - Pitching for Oaxaca Cervezas : RHP Simone Tornaghi
Batting: LHB Zach Calderon 0-0: Ground out 4-3 (Groundball, 4, EV 93.8 MPH)
Batting: RHB Tom Huppert 0-0: Swinging Strike
0-1: Foul Ball, location: 2F
0-2: Foul Ball, location: 2F
0-2: Ball
1-2: Ball
2-2: Ball
3-2: Strikes out looking
Batting: RHB Kameron Lackey 0-0: SINGLE (Line Drive, 4MD, EV 103.1 MPH)
Batting: LHB Gray Klingenberg 0-0: Ball
1-0: Foul Ball, location: 2F
1-1: Called Strike
1-2: Ground out 4-3 (Groundball, 4S, EV 60.6 MPH)
Top of the 9th over - 0 runs, 1 hit, 0 errors, 1 left on base; Puebla 2 - Oaxaca 1
BOTTOM OF THE 9TH
Oaxaca Cervezas batting - Pitching for Puebla Mermen : RHP Ian Cunningham
Pitching: LHP Dustin Kraft
Batting: RHB Iván Soriano 0-0: Foul Ball, location: 7LSF
0-1: Ball
1-1: Called Strike
1-2: Ground out U3 (Groundball, 3, EV 110.6 MPH)
Batting: LHB Condel Saucedo 0-0: Ball
1-0: Called Strike
1-1: Ball
2-1: Called Strike
2-2: Strikes out swinging, 2-3 out at first.
Batting: LHB Cammy Turner 0-0: Called Strike
0-1: Fly out, F7 (Flyball, 7LS, EV 85.6 MPH)
Bottom of the 9th over - 0 runs, 0 hits, 0 errors, 0 left on base; Puebla 2 - Oaxaca 1
Monday, May 6th , 2024 - OOTP Baseball 24.11 Build 85